 Dungeon Crawl Stone Soup version 0.22-a0-348-gd16d139 (webtiles) character file.

175 Amnesiac the Chucker (level 5, 41/41 HPs)
             Began as a Demonspawn Fighter on Apr 11, 2018.
             Quit the game on level 2 of the Dungeon.
             The game lasted 00:02:31 (1236 turns).

Amnesiac the Chucker (Demonspawn Fighter)           Turns: 1236, Time: 00:02:32

Health: 41/41      AC:  6    Str: 17    XL:     5   Next: 29%
Magic:  5/5        EV:  6    Int: 10    God:
Gold:   53         SH:  8    Dex: 12    Spells: 4/4 levels left

rFire    . . .     SeeInvis .   a - +0 long sword
rCold    . . .     Gourm    .   c - +0 shield
rNeg     . . .     Faith    .   b - +0 scale mail
rPois    .         Spirit   +   (helmet restricted)
rElec    .         Reflect  .   (no cloak)
rCorr    .         Harm     .   (no gloves)
MR       .....                  (no boots)
Stlth    ..........             (no amulet)
HPRegen  0.13/turn              (no ring)
MPRegen  0.09/turn              (no ring)

@: no status effects
A: antennae 1, claws 2, magic shield
a: no special abilities


You were on level 2 of the Dungeon.
You were not hungry.

You visited 1 branch of the dungeon, and saw 2 of its levels.

You collected 53 gold pieces.

Inventory:

Hand Weapons
 a - a +0 long sword (weapon)
Missiles
 h - 27 stones (quivered)
 k - 16 poisoned needles
Armour
 b - a +0 scale mail (worn)
 c - a +0 shield (worn)
Scrolls
 e - a scroll of blinking {!r, unknown}
 m - a scroll of remove curse {!r}
 n - a scroll of identify {!r, unknown}
 o - a scroll of immolation {!r}
Potions
 d - a potion of might {!q}
 g - a potion of haste {!q, unknown}
 i - a potion of heal wounds {!q}
 j - a potion of cancellation {!q, unknown}
 p - a potion of degeneration {!q, unknown}
 q - a potion of flight {!q, unknown}
Comestibles
 f - 4 rations


   Skills:
 - Level 3.0 Fighting
 - Level 1.7 Long Blades
 + Level 4.6 Throwing
 - Level 2.6 Armour
 - Level 2.6 Shields


You had 4 spell levels left.
You didn't know any spells.

Dungeon Overview and Level Annotations

Branches:
Dungeon (2/15)

Altars:
Vehumet


Innate Abilities, Weirdness & Mutations

You have a pair of small antennae on your head.
You have very sharp fingernails.
When hurt, damage is shared between your health and your magic reserves.


Message History

The magic dart hits you!
Throwing (i - inventory. (/) - cycle)
l - a throwing net (quivered)
Press: ? - help, Shift-Dir - straight line, f - Sigmund
Aim: Sigmund, wielding a scythe and wearing a robe You throw a throwing net.
The throwing net hits Sigmund.
Sigmund is caught in the net!
Sigmund struggles against the net.
You hit Sigmund.
Sigmund is lightly wounded.
Sigmund struggles against the net.
You hit Sigmund.
Sigmund is moderately wounded.
Sigmund struggles against the net. x2
You slash Sigmund!
Sigmund is heavily wounded.
Sigmund struggles against the net.
Your shield and scale mail prevent you from hitting Sigmund.
Sigmund is heavily wounded.
Sigmund struggles against the net.
The net rips apart, and Sigmund comes free!
Sigmund completely misses you.
You riposte.
You closely miss Sigmund.
Sigmund is heavily wounded.
You closely miss Sigmund.
Sigmund is heavily wounded.
Sigmund barely misses you.
You riposte.
You hit Sigmund.
Sigmund is severely wounded.
You closely miss Sigmund.
Sigmund is severely wounded.
Sigmund says, "Your kind have come here before.
I understand now why.
You desire death..."
Sigmund hits you but does no damage.
Your shield and scale mail prevent you from hitting Sigmund.
Sigmund is severely wounded.
Sigmund hits you with a scythe.
Unknown command.
You closely miss Sigmund.
Sigmund is severely wounded.
Sigmund hits you with a scythe.
You hit Sigmund.
Sigmund is severely wounded.
You closely miss Sigmund.
Sigmund is severely wounded.
Sigmund hits you with a scythe!
* * * LOW HITPOINT WARNING * * *
Really quaff
i - 2 green potions {!q}?
It was a potion of heal wounds {!q}.
You feel much better. Sigmund hits you but does no damage.
You slash Sigmund!
You kill Sigmund!
Your Throwing skill gained 2 levels and is now at level 4!
You have reached level 3!
Your experience leads to an increase in your attributes!
Increase (S)trength, (I)ntelligence, or (D)exterity?
You feel stronger.
Your demonic ancestry asserts itself...
Your fingernails lengthen.
You have reached level 4!
You feel clever.
Your demonic ancestry asserts itself...
Your fingernails sharpen.
You have reached level 5!
Your demonic ancestry asserts itself...
You feel your magical essence form a protective shroud around your flesh.
Things that are here:
a scythe; a robe Wear which item? (? for menu, Esc to quit)
Okay, then.
Are you sure you want to abandon this character and quit the game? (Confirm with "yes".)

#.####.###.##..........#
#.# #.# #.#############
#.# #.# #.# #.. ..# #.#
### #.# #.# #.# #####.#
####.##..@..###########
........##............#
.....#####...########.#
..## #.....# #.# ##...##
#.# ##.## #####.#### #.#
#........# #.#
#.###.##.# ##'## #.#
#.>#.#


There were no monsters in sight!

Vanquished Creatures
  Sigmund (D:2)
  A worm (D:2)
  2 dart slugs (D:1)
  4 goblins
  A hobgoblin (D:1)
  2 frilled lizards (D:1)
  3 kobolds
  2 rats (D:1)
16 creatures vanquished.

Notes
Turn   | Place    | Note
-------+----------+-------------------------------------------
     0 | D:1      | Amnesiac the Demonspawn Fighter began the quest for the Orb.
     0 | D:1      | Reached XP level 1. HP: 18/18 MP: 1/1
   178 | D:1      | Reached skill level 1 in Throwing
   302 | D:1      | Gained mutation: You have a pair of small antennae on your head. [demonic ancestry]
   302 | D:1      | Reached XP level 2. HP: 18/24 MP: 2/2
   758 | D:2      | Reached skill level 2 in Throwing
  1007 | D:2      | Found a radiant altar of Vehumet.
  1032 | D:2      | Noticed Sigmund
  1234 | D:2      | Killed Sigmund
  1234 | D:2      | Reached skill level 4 in Throwing
  1234 | D:2      | Gained mutation: You have sharp fingernails. [demonic ancestry]
  1234 | D:2      | Reached XP level 3. HP: 29/29 MP: 3/3
  1234 | D:2      | Gained mutation: You have very sharp fingernails. [demonic ancestry]
  1234 | D:2      | Reached XP level 4. HP: 35/35 MP: 4/4
  1234 | D:2      | Gained mutation: When hurt, damage is shared between your health and your magic reserves. [demonic ancestry]
  1234 | D:2      | Reached XP level 5. HP: 41/41 MP: 5/5
  1236 | D:2      | Quit the game

Vault maps used:
D:1:      dpeg_arrival_long_road, minmay_misc_feat_more_columns
D:2:      fiery_altar_vehumet, nicolae_overflow_crystal_walls,
          trog_three_pillars_becter, uniq_sigmund

Skill      XL: |  1  2 |
---------------+-------+-----
Throwing       | 1 4 |  4.6
Fighting       | |  3.0
Long Blades    | |  1.7
Armour         | |  2.6
Shields        | |  2.6

Action                   |  1- 3 |  4- 6 || total
-------------------------+-------+-------++-------
Melee: Long sword        |    81 |       ||    81
Throw: Throwing net      |     1 |       ||     1
  Use: Scroll            |     2 |       ||     2
       Potion            |     1 |       ||     1
  Eat: Chunk             |     1 |       ||     1
Armor: Scale mail        |    28 |       ||    28
Dodge: Dodged            |    16 |       ||    16
Block: Shield            |    33 |       ||    33
       Rpst.: Long sword |     5 |       ||     5

Table legend:
 A = Spawn XP
 B = Non-spawn XP
 C = Spawn XP percentage of total XP
 D = Spawn monster count
 E = Non-spawn monster count
 F = Spawn count percentage of total count
 G = Total turns spent on level
                    A         B        C        D         E        F      G
               +---------+---------+-------+---------+---------+-------+---------
         Total |       0 |     250 |   0.0 |       0 |      16 |   0.0 |  1236
               +---------+---------+-------+---------+---------+-------+---------
           D:1 |       0 |      22 |   0.0 |       0 |      12 |   0.0 |   766
           D:2 |       0 |     228 |   0.0 |       0 |       4 |   0.0 |   470
               +---------+---------+-------+---------+---------+-------+---------
